 Dungeon Crawl Stone Soup version 0.28.0-45-g0d030f2227 (webtiles) character file.

Game seed: 16692191399228249734

334 Ablot the Grasshopper (level 6, -3/51 HPs)
             Began as a Gnoll Warper on Apr 4, 2022.
             Slain by a hound (4 damage)
             ... on level 4 of the Dungeon.
             The game lasted 00:04:02 (3367 turns).

Ablot the Grasshopper (Gnoll Warper)                Turns: 3367, Time: 00:04:02

Health: -3/51      AC:  4    Str: 12    XL:     6   Next: 53%
Magic:  14/14      EV: 13    Int: 13    God:
Gold:   178        SH:  0    Dex: 11    Spells: 6/15 levels left

rFire   . . .      SeeInvis .   a - +0 spear
rCold   . . .      Faith    .   (no shield)
rNeg    . . .      Spirit   .   b - +0 leather armour
rPois   .          Reflect  .   (no helmet)
rElec   .          Harm     .   (no cloak)
rCorr   .          Rampage  .   k - +0 pair of gloves
Will    .....                   (no boots)
Stlth   ++........              (no amulet)
HPRegen 0.17/turn               (no ring)
MPRegen 0.14/turn               (no ring)

@: no status effects
A: fangs 1, strong nose, distributed training
a: no special abilities


You were on level 4 of the Dungeon.
You visited 1 branch of the dungeon, and saw 4 of its levels.

You collected 178 gold pieces.

Inventory:

Hand Weapons
 a - a +0 spear (weapon)
Missiles
 d - 5 boomerangs of dispersal
 h - 50 bolts
 i - 58 stones
 n - a poisoned dart (quivered)
 o - 16 sling bullets
 p - 18 arrows
Armour
 b - a +0 leather armour (worn)
 k - a +0 pair of gloves (worn)
Magical Staves
 j - a staff of fire
Scrolls
 c - a scroll of blinking
 e - a scroll of teleportation {unknown}
 f - 3 scrolls of identify {unknown}
 g - 2 scrolls of torment {unknown}
 l - a scroll of noise {unknown}
Potions
 m - a potion of heal wounds {unknown}
 q - a potion of magic {unknown}


   Skills:
 + Level 5.0 Fighting
 + Level 2.0 Short Blades
 + Level 2.0 Long Blades
 + Level 2.0 Axes
 + Level 2.0 Maces & Flails
 + Level 5.0 Polearms
 + Level 2.0 Staves
 + Level 2.0 Slings
 + Level 2.0 Bows
 + Level 2.0 Crossbows
 + Level 3.2 Throwing
 + Level 3.2 Armour
 + Level 5.0 Dodging
 + Level 2.0 Stealth
 + Level 2.0 Shields
 + Level 2.0 Unarmed Combat
 + Level 5.4 Spellcasting
 + Level 1.5 Conjurations
 + Level 1.5 Hexes
 + Level 1.5 Summonings
 + Level 1.5 Necromancy
 + Level 5.6 Translocations
 + Level 1.5 Transmutations
 + Level 1.5 Fire Magic
 + Level 1.5 Ice Magic
 + Level 1.5 Air Magic
 + Level 1.5 Earth Magic
 + Level 1.5 Poison Magic
 + Level 2.2 Invocations
 + Level 2.0 Evocations


You had 6 spell levels left.
You knew the following spells:

 Your Spells              Type           Power      Damage    Failure   Level
a - Blink                 Tloc           36%        N/A       3%          2
b - Slow                  Hex            28%        N/A       12%         1
c - Sting                 Tmut/Pois      28%        1d4       12%         1
d - Wereblood             Tmut           7%         N/A       19%         2
e - Poisonous Vapours     Pois/Air       14%        N/A       19%         2
f - Beastly Appendage     Tmut           14%        N/A       12%         1

Your spell library contained the following spells:

 Spells                   Type           Power      Damage    Failure   Level
 Gell's Gravitas          Tloc           18%        N/A       7%          3
 Lesser Beckoning         Tloc           18%        N/A       7%          3
 Teleport Other           Tloc           18%        N/A       7%          3
 Confusing Touch          Hex            7%         N/A       34%         3
 Spider Form              Tmut/Pois      7%         N/A       34%         3
 Vampiric Draining        Necr           7%         2d6       34%         3
 Manifold Assault         Tloc           18%        N/A       52%         5
 Olgreb's Toxic Radiance  Pois           7%         N/A       75%         4


Dungeon Overview and Level Annotations

Branches:
Dungeon (4/15)
 Temple: D:4-7

Altars:
Vehumet
Wu Jian

Shops:
D:4 =


Innate Abilities, Weirdness & Mutations

You have very sharp teeth.
Your uncanny sense of smell can sniff out nearby items.
Your experience applies equally to all skills.


Message History

You closely miss the hound.
The hound is severely wounded.
The hound misses you. The gnoll barely misses you.
The hound closely misses you.
You closely miss the hound.
The hound is severely wounded.
The gnoll hits you from afar with a +0 halberd.
The hound bites you.
You are too injured to fight recklessly!
You hit the hound.
The hound is almost dead.
The hound closely misses you.
The gnoll hits you from afar with a +0 halberd!
* * * LOW HITPOINT WARNING * * *
You closely miss the hound.
The hound is almost dead.
The hound bites you but does no damage. The gnoll closely misses you.
You miss the hound.
The hound is almost dead.
The hound closely misses you. x2
The gnoll hits you from afar with a +0 halberd.
* * * LOW HITPOINT WARNING * * *
Unknown command.
Found a scroll labelled OCESTR EJENYIB.
The hound closely misses you. The hound barely misses you.
The hound bites you but does no damage. The hound bites you but does no damage.
The hound misses you. The hound bites you.
* * * LOW HITPOINT WARNING * * *
The hound bites you.
* * * LOW HITPOINT WARNING * * *
Things that are here:
a +0 club; a +0 leather armour The hound bites you.
* * * LOW HITPOINT WARNING * * *
There is a stone staircase leading up, spattered with blood here.
The hound bites you.
* * * LOW HITPOINT WARNING * * *
The hound closely misses you. The hound bites you.
You die...

..####......#
#...#....#..#
####.........#
#..........### .##
#........#
.....#.....#..##
.##..#.....##..#
........h......######
.......@h...##......####
.........g..##.........#
......#...........P.P..#
.....##.........###'###.
.....#..##...#..#...'?#.
#............##.#...###.
....##..........#...+ #.
...####.........#######.
..#..#......#..........


You could see 2 hounds and a gnoll.

Vanquished Creatures
  A black bear (D:4)
  A scorpion (D:3)
  An orc priest (D:4)
  A hound (D:4)
  A howler monkey skeleton (D:4)
  4 adders
  An adder skeleton (D:4)
  2 worms
  4 orcs
  5 bats
  7 endoplasms
  3 giant cockroaches
  4 hobgoblins
  5 jackals
  3 quokkas
  7 ball pythons
  6 frilled lizards
  10 goblins
  A kobold (D:2)
  5 rats
72 creatures vanquished.

Notes
Turn   | Place    | Note
-------+----------+-------------------------------------------
     0 | D:1      | Ablot the Gnoll Warper began the quest for the Orb.
     0 | D:1      | Reached XP level 1. HP: 20/20 MP: 6/6
    66 | D:1      | Found a faded altar of an unknown god.
   179 | D:1      | Reached XP level 2. HP: 25/26 MP: 7/7
   182 | D:1      | Learned a level 2 spell: Blink
   834 | D:2      | Reached XP level 3. HP: 31/31 MP: 9/9
   926 | D:2      | Reached skill level 5 in Spellcasting
  1026 | D:2      | Learned a level 1 spell: Slow
  1266 | D:2      | Reached skill level 1 in Invocations
  1389 | D:2      | Found an ornate altar of the Wu Jian Council.
  1408 | D:2      | Reached skill level 1 in Short Blades
  1408 | D:2      | Reached skill level 1 in Long Blades
  1408 | D:2      | Reached skill level 1 in Axes
  1408 | D:2      | Reached skill level 1 in Maces & Flails
  1408 | D:2      | Reached skill level 1 in Staves
  1408 | D:2      | Reached skill level 1 in Slings
  1408 | D:2      | Reached skill level 1 in Bows
  1408 | D:2      | Reached skill level 1 in Crossbows
  1408 | D:2      | Reached skill level 1 in Stealth
  1408 | D:2      | Reached skill level 1 in Shields
  1408 | D:2      | Reached skill level 1 in Unarmed Combat
  1408 | D:2      | Reached skill level 1 in Evocations
  1520 | D:2      | Reached XP level 4. HP: 32/38 MP: 11/11
  1863 | D:3      | Learned a level 1 spell: Sting
  2211 | D:3      | Reached skill level 1 in Conjurations
  2211 | D:3      | Reached skill level 1 in Hexes
  2211 | D:3      | Reached skill level 1 in Summonings
  2211 | D:3      | Reached skill level 1 in Necromancy
  2211 | D:3      | Reached skill level 1 in Transmutations
  2211 | D:3      | Reached skill level 1 in Fire Magic
  2211 | D:3      | Reached skill level 1 in Ice Magic
  2211 | D:3      | Reached skill level 1 in Air Magic
  2211 | D:3      | Reached skill level 1 in Earth Magic
  2211 | D:3      | Reached skill level 1 in Poison Magic
  2456 | D:3      | Found a radiant altar of Vehumet.
  2714 | D:4      | Reached XP level 5. HP: 29/43 MP: 9/12
  3055 | D:4      | Found Juycus's Jewellery Emporium.
  3075 | D:4      | Reached XP level 6. HP: 42/50 MP: 13/13
  3098 | D:4      | Learned a level 2 spell: Wereblood
  3101 | D:4      | Learned a level 2 spell: Poisonous Vapours
  3115 | D:4      | Learned a level 1 spell: Beastly Appendage
  3263 | D:4      | Noticed a black bear
  3283 | D:4      | Killed a black bear
  3284 | D:4      | Reached skill level 5 in Fighting
  3284 | D:4      | Reached skill level 5 in Polearms
  3284 | D:4      | Reached skill level 5 in Dodging
  3367 | D:4      | HP: 1/51 [hound (2)]
  3367 | D:4      | Slain by a hound

Illustrated notes

Levels and vault maps discovered:
D:1:      tarquinn_simple_flora_water_d, layout_rooms,
          shapermc_ecumenical_altar_mp_highgroup
D:2:      layout_rooms, basic_altar, minmay_quantized
D:3:      layout_loops_cross, marbit_many_paths
D:4:      layout_cave_pools, makhleb_heckhound_becter, serial_shops,
          nicolae_shop_temple_entry_statues_fountains, cheibrodos_gnoll_hut

Skill      XL: |  1  2  3  4  5  6 |
---------------+-------------------+-----
Spellcasting   | 5 |  5.4
Invocations    | 1 2 |  2.2
Short Blades   | 1 2 |  2.0
Long Blades    | 1 2 |  2.0
Axes           | 1 2 |  2.0
Maces & Flails | 1 2 |  2.0
Staves         | 1 2 |  2.0
Slings         | 1 2 |  2.0
Bows           | 1 2 |  2.0
Crossbows      | 1 2 |  2.0
Stealth        | 1 2 |  2.0
Shields        | 1 2 |  2.0
Unarmed Combat | 1 2 |  2.0
Evocations     | 1 2 |  2.0
Conjurations   | 1 |  1.5
Hexes          | 1 |  1.5
Summonings     | 1 |  1.5
Necromancy     | 1 |  1.5
Transmutations | 1 |  1.5
Fire Magic     | 1 |  1.5
Ice Magic      | 1 |  1.5
Air Magic      | 1 |  1.5
Earth Magic    | 1 |  1.5
Poison Magic   | 1 |  1.5
Throwing       | 3 |  3.2
Armour         | 3 |  3.2
Fighting       | 5 |  5.0
Polearms       | 5 |  5.0
Dodging        | 5 |  5.0
Translocations | |  5.6

Action                   |  1- 3 |  4- 6 || total
-------------------------+-------+-------++-------
Melee: Spear             |   137 |   189 ||   326
       Bite              |     7 |    21 ||    28
       Punch             |     1 |     3 ||     4
Throw: Dart              |       |     7 ||     7
 Cast: Sting             |       |     5 ||     5
       Slow              |       |     1 ||     1
 Stab: Sleeping          |       |     2 ||     2
Armor: Leather armour    |    29 |    38 ||    67
Dodge: Dodged            |    71 |   108 ||   179
